 Dungeon Crawl Stone Soup version 0.27.1-34-g3ba077fa99 (webtiles) character file.

Game seed: 4748485518274425124

93 lonewolfV2 the Covered (level 4, -1/40 HPs)
             Began as a Minotaur Fighter on Jan 19, 2022.
             Succumbed to Robin's poison
             ... on level 2 of the Dungeon.
             The game lasted 00:01:30 (865 turns).

lonewolfV2 the Covered (Minotaur Fighter)            Turns: 865, Time: 00:01:31

Health: -1/40      AC: 11    Str: 21    XL:     4   Next: 36%
Magic:  3/3        EV:  7    Int:  5    God:
Gold:   9          SH:  9    Dex: 10    Spells: 3/3 levels left

rFire    . . .     SeeInvis .   a - +0 war axe
rCold    . . .     Faith    .   c - +0 kite shield
rNeg     . . .     Spirit   .   b - +0 scale mail
rPois    .         Reflect  .   (helmet restricted)
rElec    .         Harm     .   (no cloak)
rCorr    .         Rampage  .   (no gloves)
Will     .....                  (no boots)
Stlth    ..........             (no amulet)
HPRegen  0.13/turn              f - +4 ring of protection
MPRegen  0.08/turn              (no ring)

@: mighty, lethally poisoned (-1 -> -22)
A: horns 2, retaliatory headbutt
a: no special abilities


You were on level 2 of the Dungeon.
You visited 1 branch of the dungeon, and saw 2 of its levels.

You collected 9 gold pieces.

Inventory:

Hand Weapons
 a - a +0 war axe (weapon)
Armour
 b - a +0 scale mail (worn)
 c - a +0 kite shield (worn)
Jewellery
 f - a +4 ring of protection (left hand)


   Skills:
 + Level 4.3 Fighting
 + Level 3.6 Axes
 + Level 4.4 Armour
 + Level 0.5 Dodging
 + Level 4.3 Shields


You had 3 spell levels left.
You didn't know any spells.
Your spell library contained the following spells:

 Spells                   Type           Power      Damage    Failure   Level
 Animate Skeleton         Necr           0%         N/A       99%         1
 Pain                     Necr           0%         1d4       99%         1
 Vampiric Draining        Necr           0%         2d6       100%        3


Dungeon Overview and Level Annotations

Branches:
Dungeon (2/15)

Altars:

Shops:
D:1 [


Innate Abilities, Weirdness & Mutations

You have a pair of horns on your head.
You reflexively headbutt those who attack you in melee.


Message History

You feel sick. You block the goblin's attack. You block Robin's attack.
The goblin hits you but does no damage.
You closely miss the goblin.
The goblin is moderately wounded.
You feel sick. Robin hits you but does no damage.
You are more poisoned.
The goblin hits you but does no damage. Robin throws the goblin at you!
Unknown command.
It was a potion of heal wounds.
You feel much better.
You feel sick. The goblin hits you but does no damage.
Robin says, "My goblins will feast on your bones."
Robin hits you from afar with a +0 spear of venom.
You are more poisoned.
The hobgoblin hits you but does no damage.
You feel very mighty all of a sudden.
You feel very sick. The goblin hits you but does no damage.
Robin hits you from afar with a +0 spear of venom.
You are more poisoned.
The hobgoblin hits you but does no damage.
You slash the hobgoblin!
You kill the hobgoblin!
You closely miss the goblin.
You feel extremely sick. You block the goblin's attack.
Robin hits you but does no damage.
You are lethally poisoned!
You block the goblin's attack.
You feel very sick. Robin hits you but does no damage.
You are more poisoned.
Items here: ( )) †.
You slash Robin! You headbutt Robin.
You kill Robin!
You closely miss the goblin.
* * * LOW HITPOINT WARNING * * *
You feel extremely sick. The goblin hits you but does no damage.
The goblin barely misses you. You furiously retaliate!
You headbutt the goblin.
You kill the goblin!
You die...

#< #. #.. #..
#...
###...##########
.......<))@))..#
###......#####..#
###....# #
#.....# #.....#
###...# #.### ..g
:..


There were no monsters in sight!

Vanquished Creatures
  Robin (D:2)
  2 gnolls (D:1)
  A dart slug (D:1)
  7 bats
  2 bat zombies (D:1)
  2 endoplasms
  12 goblins
  5 hobgoblins
  2 jackals (D:1)
  6 kobolds (D:1)
  4 quokkas
  3 frilled lizards (D:1)
  5 rats
52 creatures vanquished.

Notes
Turn   | Place    | Note
-------+----------+-------------------------------------------
     0 | D:1      | lonewolfV2 the Minotaur Fighter began the quest for the
                  | Orb.
     0 | D:1      | Reached XP level 1. HP: 19/19 MP: 0/0
    51 | D:1      | Reached XP level 2. HP: 15/27 MP: 1/1
   292 | D:1      | Reached XP level 3. HP: 33/33 MP: 2/2
   622 | D:1      | Found Tugiel's Armour Shop.
   644 | D:1      | Found a faded altar of an unknown god.
   831 | D:2      | Noticed Robin
   845 | D:2      | Reached XP level 4. HP: 36/40 MP: 3/3
   864 | D:2      | Killed Robin
   865 | D:2      | Succumbed to Robin's poison

Illustrated notes

Levels and vault maps discovered:
D:1:      saegor_arrival_fortress, layout_basic, serial_shops,
          nicolae_shop_crystal, ebering_ecumenical_altar_hall
D:2:      layout_basic, uniq_robin

Skill      XL: |  1  2  3 |
---------------+----------+-----
Fighting       | 4 |  4.3
Shields        | 4 |  4.3
Armour         | 4 |  4.4
Axes           | 3 |  3.6
Dodging        | |  0.5

Action                   |  1- 3 |  4- 6 || total
-------------------------+-------+-------++-------
Melee: War axe           |    75 |    16 ||    91
       Headbutt          |    10 |     1 ||    11
  Use: Scroll            |     1 |       ||     1
       Potion            |       |     2 ||     2
Armor: Scale mail        |    62 |    28 ||    90
Dodge: Dodged            |    36 |     4 ||    40
Block: Kite shield       |    45 |    15 ||    60
